 Dungeon Crawl Stone Soup version 0.18.1-5-g4a78601 (webtiles) character file.

319 imganon the Chopper (level 6, 0/47 HPs)
             Began as a Demonspawn Berserker on May 13, 2016.
             Was a Believer of Trog.
             Slain by a giant gecko (5 damage)
             ... on level 3 of the Dungeon.
             The game lasted 00:05:14 (2282 turns).

imganon the Chopper (Demonspawn Berserker)          Turns: 2282, Time: 00:05:15

Health: 0/47       AC:  0    Str: 14    XL:     6   Next: 21%
Magic:  6/6        EV: 10    Int:  8    God:    Trog [**....]
Gold:   293        SH:  0    Dex: 13    Spells: 0 memorised, 5 levels left

rFire  . . .     SeeInvis .     u - -3 hand axe (curse)
rCold  + . .     Gourm    .     e - +0 ring mail
rNeg   . . .     Faith    .     (no shield)
rPois  .         Spirit   .     r - +0 helmet
rElec  .         Dismiss  .     l - +0 cloak (curse)
rCorr  .         Reflect  .     (no gloves)
SustAt .         Harm     .     m - +0 pair of boots
MR     .....                    (no amulet)
Stlth  +.........               b - +3 ring of slaying
                                k - -5 ring of strength (curse)

@: corroded, not resistant to hostile enchantments, very unstealthy
A: molten scales 2, cold resistance 1, freezing cloud immunity
a: Berserk, Trog's Hand, Burn Spellbooks, Renounce Religion


You were on level 3 of the Dungeon.
You worshipped Trog.
Trog was pleased with you.
You were hungry.

You visited 1 branch of the dungeon, and saw 4 of its levels.

You collected 293 gold pieces.

Inventory:

Hand Weapons
 a - a +1 hand axe
 u - a cursed -3 hand axe (weapon)
Armour
 e - a +0 ring mail (worn)
 l - a cursed +0 cloak (worn)
 m - a +0 pair of boots (worn)
 r - a +0 helmet (worn)
Jewellery
 b - a +3 ring of slaying (right hand)
 i - an uncursed ring of protection from fire
 k - a cursed -5 ring of strength (left hand)
Scrolls
 d - 4 scrolls of identify
 f - a scroll of magic mapping
 g - 2 scrolls of enchant armour
Potions
 n - 2 potions of brilliance {unknown}
 o - 2 potions of resistance {unknown}
 p - a potion of beneficial mutation {unknown}
 q - a potion of magic {unknown}
 s - a potion of agility {unknown}
 t - a potion of curing {unknown}
Comestibles
 c - 2 bread rations
 h - a slice of pizza
 j - a meat ration
 w - 2 fruits


   Skills:
 - Level 3.0 Fighting
 + Level 6.4 Axes
 - Level 1.7 Armour
 - Level 1.7 Dodging


You had 5 spell levels left.
You didn't know any spells.

Dungeon Overview and Level Annotations

Branches:
Dungeon (4/15)
 Temple: D:4-7

Altars:
Fedhas
Sif Muna


Innate Abilities, Weirdness & Mutations

You are mostly covered in molten scales (AC +3, EV -1).
Your flesh is cold resistant.
You are immune to freezing clouds.


Message History

There is a stone staircase leading up here.
The jelly closely misses you.
You see here 8 gold pieces.
A giant gecko comes into view.
There is a stone staircase leading up here.
The giant gecko bites you.
* * * LOW HITPOINT WARNING * * *
You see here 8 gold pieces.
The giant gecko closely misses you.
There is a stone staircase leading up here.
The giant gecko barely misses you.
You climb upwards.
There is a stone staircase leading down here.
You closely miss the giant gecko. The giant gecko completely misses you.
You hit the giant gecko but do no damage.
The giant gecko bites you.
* * * LOW HITPOINT WARNING * * *
You hit the giant gecko but do no damage.
The giant gecko bites you.
You die...

## #.#####.#
#.........####.####
#.#####.####........#####.####
#)........##.>................
#.##.##................#######
#.##.##.#.##.######..#.#
#.......####.# ##...#
#.##.##.# #.# ##.##
#.##.##.####.### #.#
#.......##..l@.# #.#
####.#####<....# #.# #...#
#.....# #.# #.### #.....#
###.#### ####.#### #.....#
#....(.# #.......# #######
#.#.##.# #.##.##.# #.#.##.#
#.##.##.#############.#.##.#
#.##.........#.......>#.##.#


You could see a giant gecko.

Vanquished Creatures
  Sigmund (D:2)
  Ijyb (D:2)
  7 adders
  2 worms (D:2)
  A dart slug (D:2)
  4 giant geckos
  An orc (D:3)
  13 bats
  5 giant cockroaches
  3 goblins
  7 hobgoblins (D:2)
  A quokka (D:3)
  A giant newt (D:3)
  6 kobolds
  9 rats
  A fungus (D:3)
63 creatures vanquished.

Notes
Turn   | Place    | Note
--------------------------------------------------------------
     0 | D:1      | imganon the Demonspawn Berserker began the quest for the Orb.
     0 | D:1      | Reached XP level 1. HP: 18/18 MP: 1/1
   203 | D:1      | Reached skill level 3 in Axes
   239 | D:1      | Gained mutation: Your flesh is cold resistant. [demonic ancestry]
   239 | D:1      | Reached XP level 2. HP: 23/24 MP: 2/2
   724 | D:2      | Noticed Sigmund
   731 | D:2      | Killed Sigmund
   731 | D:2      | Reached skill level 5 in Axes
   731 | D:2      | Gained mutation: You are partially covered in molten scales (AC +1). [demonic ancestry]
   731 | D:2      | Reached XP level 3. HP: 29/29 MP: 3/3
   731 | D:2      | Gained mutation: You are mostly covered in molten scales (AC +3, EV -1). [demonic ancestry]
   731 | D:2      | Reached XP level 4. HP: 35/35 MP: 4/4
   731 | D:2      | Gained mutation: You are immune to freezing clouds. [demonic ancestry]
   731 | D:2      | Reached XP level 5. HP: 41/41 MP: 5/5
   957 | D:2      | Noticed Ijyb
   973 | D:2      | Killed Ijyb
   973 | D:2      | Reached ** piety under Trog
  1065 | D:2      | Reached skill level 6 in Axes
  1552 | D:3      | Reached XP level 6. HP: 47/47 MP: 6/6
  1722 | D:3      | Found a deep blue altar of Sif Muna.
  1723 | D:3      | Found a blossoming altar of Fedhas.
  2282 | D:3      | Slain by a giant gecko

Skill      XL: |  1  2  3  4  5 |
---------------+----------------+-----
Axes           | 3 5 6 |  6.4
Fighting       | |  3.0
Armour         | |  1.7
Dodging        | |  1.7

Action                   |  1- 3 |  4- 6 || total
-------------------------+-------+-------++-------
Melee: Hand axe          |    29 |   199 ||   228
Invok: Berserk           |     1 |       ||     1
  Use: Scroll            |     3 |     3 ||     6
  Eat: Chunk             |       |     5 ||     5
Armor: Ring mail         |    12 |    90 ||   102
Dodge: Dodged            |    23 |   104 ||   127
